Map: Newkirk Precinct TE (Void)

Players

Musumeci - Winner!

  • Race: Zerg Zerg
  • League: Diamond
  • Spawn Location: 5:00

morph

  • Race: Terran Terran
  • League: Diamond
  • Spawn Location: 7:00

VOD

Have the link to the VOD?

Description

Time

  • Played on: March 8, 2017, 1:41 p.m.
  • Length: 36:20
Show
View Real Time Build Order
Export as new Build Order

Musumeci Zerg - Winner!

Build Orders: Hatch First 

Get SALT Encoding   

  12  0:04  Drone  
  13  0:08  Drone  
  13  0:13  Extractor  
  13  0:16  Drone  
  15  0:47  Hatchery  
  14  0:52  Drone, Extractor  
  15  1:04  Spawning Pool  
  15  1:08  Extractor  
  15  1:10  Drone  
  14  1:16  Drone, Extractor  
  14  1:22  Overlord  
  16  1:40  Drone x2  
  16  1:42  Drone  
  19  1:51  Queen  
  21  1:58  Queen  
  21  2:00  Drone x2  
  25  2:07  Overlord  
  25  2:12  Drone  
  26  2:18  Drone  
  27  2:26  Queen  
  29  2:34  Queen, Extractor  
  30  2:37  Drone x2  
  30  2:40  Drone  
  30  2:41  Drone  
  35  2:46  Drone  
  36  2:56  Extractor  
  36  2:57  Overlord  
  36  2:58  Overlord  
  37  3:20  Drone x8  
  43  3:39  Evolution Chamber  
  42  3:44  Evolution Chamber  
  42  3:46  Evolution Chamber  
  40  3:50  Extractor  
  40  3:51  Extractor  
  40  3:52  Drone x9, Roach Warren  
  46  3:58  Extractor  
  45  4:19  Extractor  
  45  4:31  Extractor  
  45  4:38  Extractor  
  45  4:42  Drone x2  
  45  4:43  Drone  
  45  4:44  Extractor  
  45  4:45  Drone  
  47  4:47  Extractor  
  47  4:54  Drone x3  
  52  5:00  Roach  
  52  5:02  Overlord x2  
  52  5:04  Lair  
  52  5:06  Extractor  
  52  5:12  Spore Crawler  
  50  5:14  Spore Crawler  
  46  5:26  Drone x10  
  49  5:45  Zerg Ground Armor Level 1, Zerg Missile Weapons Level 1  
  49  5:48  Roach  
  49  5:49  Roach x5  
  61  6:11  Hatchery  
  60  6:20  Hatchery, Roach x2  
  60  6:22  Ravager x3  
  66  6:40  Spore Crawler  
  66  6:44  Spore Crawler  
  64  6:54  Overseer  
  58  7:16  Drone x10  
  58  7:18  Overlord x5  
  58  7:22  Glial Reconstitution  
  68  7:37  Roach  
  68  7:38  Roach x7  
  84  7:47  Spine Crawler  
  84  7:49  Spine Crawler  
  82  7:52  Spine Crawler  
  81  8:09  Drone  
  81  8:10  Drone x5  
  87  8:12  Extractor  
  87  8:14  Zerg Missile Weapons Level 2, Extractor, Zerg Ground Armor Level 2  
  85  8:20  Roach  
  85  8:21  Roach x6  
  99  8:30  Drone x4, Extractor  
  102  8:35  Drone x3  
  102  9:06  Hatchery  
  101  9:10  Spore Crawler  
  101  9:11  Spore Crawler  
  99  9:17  Roach  
  99  9:18  Roach x2  
  105  9:27  Ravager x6  
  105  9:28  Ravager x3  
  114  9:34  Overlord x4  
  114  9:35  Overlord x3  
  114  9:53  Drone x10  
  124  10:06  Ravager x7  
  131  10:14  Drone x2  
  131  10:15  Drone  
  131  10:18  Extractor  
  133  10:30  Overlord  
  133  10:31  Overlord x3  
  133  10:43  Drone  
  133  10:45  Tunneling Claws  
  133  10:47  Burrow  
  133  10:49  Roach x13  
  159  11:18  Ravager x6  
  159  11:19  Ravager  
  165  11:27  Ravager x6  
  171  11:40  Infestation Pit  
  171  11:45  Drone x9  
  179  11:54  Hatchery  
  168  12:04  Roach x7  
  173  12:41  Roach x4  
  173  12:44  Roach x6  
  185  13:04  Roach x2  
  143  13:28  Roach x6  
  143  13:29  Roach x13  
  143  13:32  Drone  
  143  13:33  Drone x2  
  181  13:37  Drone x4  
  185  14:05  Extractor  
  185  14:07  Hatchery  
  185  14:08  Extractor  
  185  14:09  Extractor x2  
  177  14:17  Queen  
  177  14:31  Hive  
  177  14:52  Roach x4  
  177  14:56  Roach  
  177  14:57  Roach x10  
  191  15:08  Overlord x2, Spore Crawler  
  191  15:09  Spore Crawler  
  191  15:10  Roach, Spore Crawler  
  191  15:12  Drone, Spore Crawler  
  191  15:13  Drone x10  
  196  15:14  Spore Crawler  
  196  15:16  Spore Crawler  
  196  15:17  Spore Crawler  
  196  15:18  Spore Crawler  
  185  15:35  Roach x4  
  185  15:38  Roach x4  
  185  15:39  Roach x2  
  185  15:49  Roach x5  
  199  15:50  Roach x2  
  199  16:09  Roach  
  199  16:15  Roach x2  
  199  16:16  Roach x3  
  160  17:10  Roach x17  
  160  17:11  Roach x6  
  195  17:52  Extractor  
  195  17:53  Hatchery, Roach x3  
  199  17:58  Extractor  
  196  18:06  Roach x4  
  168  18:43  Roach  
  168  18:44  Roach x3  
  168  18:46  Zerg Missile Weapons Level 3, Zerg Ground Armor Level 3  
  176  18:58  Spine Crawler x2  
  176  18:59  Spine Crawler  
  176  19:00  Spine Crawler  
  176  19:02  Spine Crawler  
  171  19:04  Roach  
  171  19:12  Ravager x14  
  171  19:13  Ravager x10  
  171  19:15  Ravager x2  
  197  19:22  Roach x2  
  197  19:28  Roach  
  176  20:13  Roach  
  176  20:14  Roach x7  
  190  20:18  Drone x3  
  190  20:19  Drone x2  
  190  20:20  Drone  
  190  20:36  Roach  
  190  20:37  Roach x4  
  188  20:53  Roach x2  
  158  21:33  Roach x15  
  158  21:34  Roach x6  
  200  21:49  Spine Crawler  
  200  21:52  Spine Crawler  
  200  21:53  Spine Crawler x2  
  196  21:56  Spine Crawler x3  
  193  22:03  Spine Crawler, Ravager x4  
  193  22:04  Spine Crawler x2  
  193  22:08  Spine Crawler  
  193  22:13  Roach  
  193  22:14  Roach  
  140  22:50  Roach x5  
  140  22:51  Roach x10  
  167  22:53  Ravager x4  
  155  23:20  Ravager x9  
  161  23:28  Roach x2  
  161  23:29  Roach  
  161  23:30  Roach  
  161  23:31  Roach  
  147  23:47  Roach  
  147  23:48  Roach x23  
  183  23:52  Roach x5  
  156  24:29  Ravager x9  
  156  24:30  Ravager x3  
  122  24:49  Roach x21  
  110  25:00  Roach x5  
  110  25:03  Roach  
  120  25:12  Ravager  
  120  25:13  Ravager x20  
  141  25:15  Roach x7  
  141  25:21  Ravager  
  156  25:36  Overseer x3  
  154  25:49  Roach  
  154  25:50  Roach  
  154  25:51  Roach  
  154  25:54  Roach x7  
  154  26:08  Roach x8  
  168  26:16  Roach x3  
  162  26:18  Roach  
  162  26:22  Roach  
  162  26:23  Roach x19  
  200  26:26  Roach x3  
  186  26:42  Ravager x3  
  186  26:43  Ravager x5  
  186  26:54  Ravager x2  
  186  26:55  Ravager x8  
  186  26:59  Roach  
  186  27:00  Roach  
  194  27:16  Spore Crawler  
  185  27:25  Spore Crawler  
  185  27:26  Spore Crawler  
  174  27:49  Roach x6  
  186  27:55  Roach x2  
  178  28:06  Roach x2, Drone x9  
  178  28:07  Roach x3  
  178  28:08  Roach  
  178  28:09  Roach x2  
  182  28:40  Roach x2  
  151  29:19  Roach x13  
  151  29:20  Roach x10  
  171  29:31  Roach  
  154  29:33  Roach x6  
  154  29:36  Roach x2  
  154  29:43  Ravager x3  
  154  29:44  Ravager x11  
  162  29:53  Roach  
  162  29:56  Roach  
  156  30:05  Ravager x2  
  156  30:06  Ravager x5  
  153  30:15  Roach x15  
  185  30:35  Roach  
  185  30:36  Roach x4, Overlord x2  
  158  30:51  Roach x6  
  158  30:52  Roach x8  
  178  30:59  Roach x2  
  178  31:14  Roach  
  178  31:16  Roach x2  
  178  31:17  Roach  
  178  31:18  Roach  
  178  31:20  Roach  
  178  31:21  Roach x2  
  170  31:40  Roach x17  
  180  32:04  Roach  
  180  32:05  Roach x3  
  180  32:12  Drone x10  
  180  32:13  Drone x3  
  157  32:23  Ravager x6  
  157  32:24  Ravager x4  
  156  32:51  Roach x3  
  138  33:25  Roach  
  128  33:48  Roach x11  
  126  33:50  Ravager x7  
  130  34:14  Roach x17  
  129  34:24  Ravager  
  129  34:25  Ravager x8  
  138  34:31  Hatchery  
  138  34:35  Roach x4  
  138  34:36  Roach x3  
  117  34:54  Ravager  
  117  34:55  Ravager x6  
  118  35:08  Roach x11  
  118  35:09  Roach x5  
Show
View Real Time Build Order
Export as new Build Order

morph Terran 

Build Orders: Reaper Expand, Hellion Banshee, Mech 

Get SALT Encoding   

  12  0:01  SCV  
  13  0:13  SCV  
  14  0:18  Supply Depot  
  14  0:25  SCV  
  15  0:29  Refinery  
  15  0:40  SCV  
  16  0:45  Barracks  
  16  0:52  SCV  
  17  1:07  SCV  
  18  1:19  SCV  
  19  1:32  Orbital Command  
  19  1:33  Reaper  
  20  1:51  Command Center  
  20  2:09  SCV  
  20  2:13  Refinery  
  20  2:14  Factory  
  21  2:17  Barracks Reactor  
  21  2:28  Supply Depot  
  21  2:29  SCV  
  22  2:41  SCV  
  23  2:59  Starport  
  23  3:02  SCV  
  24  3:08  Hellion x2  
  28  3:14  SCV  
  28  3:16  Barracks Tech Lab  
  28  3:18  Orbital Command  
  29  3:26  SCV  
  30  3:42  SCV  
  30  3:47  Hellion x2  
  34  3:52  SCV  
  35  4:00  SCV  
  36  4:04  Medivac  
  36  4:08  SCV  
  39  4:12  SCV  
  39  4:13  Hellion, Supply Depot  
  39  4:14  Hellion  
  44  4:20  SCV  
  45  4:27  SCV  
  46  4:35  SCV  
  46  4:36  Banshee, Hellion x2  
  54  4:49  Supply Depot  
  54  4:51  Supply Depot  
  54  4:52  SCV x2  
  56  4:56  Command Center  
  56  5:01  Supply Depot  
  56  5:02  Hellion  
  56  5:04  SCV  
  56  5:05  SCV  
  60  5:16  SCV  
  53  5:36  SCV x2  
  53  5:37  Banshee, Hellion x2  
  53  5:40  Refinery  
  53  5:42  Refinery  
  62  5:46  Factory, Barracks Tech Lab  
  62  5:48  SCV  
  62  5:49  SCV  
  64  5:59  Hellion x2  
  64  6:00  SCV  
  64  6:02  Factory  
  68  6:05  SCV  
  69  6:13  SCV  
  71  6:21  Orbital Command  
  70  6:26  SCV x2  
  70  6:28  Banshee, Hellion x2  
  70  6:29  Cloaking Field  
  79  6:37  Barracks Tech Lab  
  79  6:38  SCV, Engineering Bay  
  79  6:39  SCV  
  81  6:40  Armory  
  81  6:46  Siege Tank  
  73  7:12  SCV x2  
  73  7:14  Hellion  
  73  7:15  Orbital Command, Hellion  
  77  7:16  Banshee  
  77  7:21  Siege Tank  
  83  7:24  SCV  
  83  7:27  Terran Vehicle Weapons Level 1  
  83  7:29  Missile Turret  
  84  7:37  SCV x2  
  84  7:42  SCV  
  84  7:43  Supply Depot x2  
  87  7:48  Refinery  
  87  7:49  SCV, Hellion x2  
  87  7:50  SCV  
  96  7:51  Siege Tank  
  96  7:53  Refinery  
  96  7:54  SCV  
  97  8:01  SCV  
  97  8:02  SCV  
  97  8:04  Missile Turret, Thor, Supply Depot  
  97  8:05  Supply Depot  
  105  8:06  SCV, Raven  
  105  8:10  Barracks Reactor, Starport  
  105  8:11  Infernal Pre-Igniter  
  108  8:16  Hellion x2  
  108  8:19  SCV x2  
  114  8:24  SCV  
  114  8:26  Hellion  
  117  8:31  SCV, Supply Depot  
  117  8:32  Supply Depot  
  118  8:44  Hellion x2  
  118  8:47  Siege Tank x2  
  128  9:00  Raven  
  128  9:01  SCV x2  
  132  9:09  Missile Turret  
  132  9:10  Missile Turret  
  132  9:11  Hellion x2  
  132  9:14  SCV x3  
  139  9:19  Factory  
  139  9:20  Factory  
  139  9:22  Supply Depot, Siege Tank x2  
  145  9:26  SCV x2  
  147  9:32  SCV  
  147  9:33  Terran Vehicle Weapons Level 2  
  147  9:37  Hi-Sec Auto Tracking  
  149  9:38  SCV  
  149  9:39  Missile Turret  
  149  9:43  Widow Mine, Viking x2, Missile Turret, SCV  
  149  9:44  Missile Turret  
  156  9:49  SCV, Supply Depot  
  156  9:51  Supply Depot  
  156  9:52  Supply Depot  
  157  10:07  Command Center  
  157  10:10  Widow Mine  
  157  10:11  Factory Tech Lab, Raven, Supply Depot, Factory Reactor  
  157  10:13  Thor  
  167  10:15  Armory  
  167  10:17  SCV  
  167  10:18  SCV x2  
  167  10:20  Supply Depot  
  170  10:21  Siege Tank  
  173  10:33  Hellion, Siege Tank  
  178  10:43  Hellion  
  178  10:46  Supply Depot  
  178  10:48  Widow Mine  
  178  10:49  Widow Mine  
  184  10:50  SCV x3  
  184  10:52  Supply Depot  
  187  11:01  Command Center  
  182  11:16  Thor  
  182  11:17  Thor x2  
  200  11:20  Orbital Command  
  200  11:34  Refinery  
  200  11:38  Refinery  
  200  11:43  Missile Turret  
  200  11:44  Missile Turret  
  200  11:45  Missile Turret  
  189  12:09  Hellion x2, Siege Tank x2  
  199  12:47  Orbital Command  
  199  12:48  Sensor Tower  
  199  12:57  Terran Vehicle Weapons Level 3  
  199  12:58  Terran Vehicle And Ship Armor Level 1  
  196  13:06  Missile Turret x2  
  196  13:08  Missile Turret  
  174  13:33  Thor x3  
  192  13:42  Widow Mine x2  
  192  13:43  Widow Mine x2  
  192  13:47  Orbital Command  
  200  13:49  Supply Depot  
  200  13:52  Supply Depot  
  197  14:17  Hellion  
  199  14:23  Hellion x2  
  197  14:32  Siege Tank  
  200  14:40  Command Center  
  200  14:45  Command Center x2  
  200  14:46  Sensor Tower  
  194  15:39  Hellion x2  
  194  15:56  Hellion x2  
  194  15:57  Hellion x3  
  195  16:07  Marine  
  196  16:17  Viking x2  
  200  16:36  Starport  
  200  16:38  Terran Vehicle And Ship Armor Level 2  
  197  16:43  Orbital Command  
  195  16:55  Hellion  
  195  16:56  Hellion  
  171  17:14  Refinery  
  158  17:22  Refinery  
  156  17:30  Corvid Reactor  
  155  17:39  Orbital Command  
  155  17:40  Orbital Command  
  155  17:50  Viking x2, Raven  
  161  17:57  Sensor Tower  
  160  18:01  Missile Turret  
  160  18:02  Missile Turret  
  160  18:03  Missile Turret  
  160  18:10  Orbital Command  
  160  18:17  Refinery  
  150  18:32  Missile Turret  
  150  18:34  Missile Turret  
  150  18:35  Siege Tank  
  150  18:36  Factory Tech Lab x2, Siege Tank  
  153  18:56  Marine  
  154  19:12  Siege Tank  
  154  19:13  Viking x2, Raven, Siege Tank  
  154  19:14  Orbital Command  
  166  19:41  Terran Vehicle And Ship Armor Level 3, Terran Ship Weapons Level 1  
  158  20:00  Orbital Command  
  154  20:13  Hellion x2, Siege Tank x2  
  154  20:14  Siege Tank x2  
  170  20:17  SCV x2  
  172  20:27  Orbital Command x2  
  171  20:51  Liberator x2  
  170  20:59  Marine  
  171  21:07  Siege Tank x4  
  189  21:13  Missile Turret  
  189  21:15  Sensor Tower  
  178  21:39  Siege Tank  
  181  21:42  Siege Tank x2  
  181  21:44  Missile Turret  
  187  21:58  Factory  
  187  22:15  Missile Turret  
  187  22:35  Siege Tank x3  
  151  22:52  Viking x2  
  151  22:57  Refinery  
  149  23:21  Terran Ship Weapons Level 2  
  149  23:31  Orbital Command  
  141  23:57  Marine  
  138  24:03  Siege Tank  
  138  24:04  Siege Tank x3  
  150  24:12  Missile Turret  
  150  24:18  Missile Turret  
  148  24:40  Hellion x6  
  151  24:56  Viking  
  151  24:58  Viking, Raven  
  148  25:04  Factory Reactor  
  148  25:18  Supply Depot x2  
  148  25:19  Orbital Command  
  148  25:22  Liberator, Supply Depot x2  
  148  25:25  Supply Depot  
  148  25:27  Supply Depot  
  148  25:28  Hellion  
  148  25:29  Hellion  
  148  25:32  Hellion  
  147  25:39  Hellion x3  
  158  25:50  Hellion  
  158  25:51  Hellion  
  158  25:53  Hellion  
  162  26:01  Hellion x3  
  162  26:03  Refinery  
  168  26:09  Refinery  
  170  26:11  Hellion  
  170  26:15  Hellion  
  169  26:22  Hellion x2  
  139  26:58  Hellion x6  
  151  27:02  Supply Depot  
  151  27:03  Liberator  
  151  27:04  Liberator  
  151  27:19  Hellion  
  151  27:20  Hellion x5  
  166  27:28  Raven  
  162  27:41  Hellion x6  
  166  28:02  Hellion x4  
  166  28:03  Hellion x2  
  147  28:39  Hellion, Siege Tank  
  147  28:40  Siege Tank x3  
  147  28:41  Viking x2  
  149  29:12  Siege Tank x2  
  132  29:36  Hellion  
  132  29:37  Viking, Hellion x3  
  110  29:44  Hellion, Siege Tank  
  105  29:58  Siege Tank  
  108  30:06  Hellion x2, Siege Tank  
  113  30:32  Hellion, Siege Tank x2  
  120  30:42  Liberator x2  
  99  30:58  Hellion x4  
  115  31:04  Hellion x2  
  116  31:19  Hellion x4  
  116  31:20  SCV x3  
  128  31:25  Hellion  
  128  31:26  Banshee, Hellion  
  124  31:40  Hellion  
  124  31:41  Hellion x3  
  124  31:47  Hellion, Siege Tank  
  119  32:02  Hellion, Siege Tank  
  114  32:26  Liberator x2  
  105  32:41  Hellion  
  105  32:42  Hellion x5  
  120  33:03  Hellion x6  
  124  33:15  Raven  
  126  33:24  Hellion x3  
  126  33:25  Hellion x3  
  128  33:40  Liberator  
  126  33:46  Hellion x6  
  128  34:07  Hellion x3  
  105  34:35  Hellion x3, Siege Tank  
  78  34:58  Orbital Command  
  78  35:09  Hellion x6  
  84  35:30  Hellion  
  84  35:31  Hellion x5  
  69  35:52  Hellion x3  
  69  35:54  Hellion  
Tags
 
Add a new tag
Caveats
  • Supply blocks, unpowered buildings, or Contaminate may cause inaccurate times.
  • Supply counts are checked every 10 seconds.